 Dungeon Crawl Stone Soup version 0.16-a0-3909-g31f9ca0 (webtiles) character file.

2669 PolkaDot the Caller (level 9, -8/57 HPs)
             Began as a Vampire Summoner on Feb 3, 2015.
             Was a Believer of Sif Muna.
             Killed by divine providence
             ... invoked by an orc priest
              (15 damage)
             ... on level 9 of the Dungeon.
             The game lasted 00:30:07 (7067 turns).

PolkaDot the Caller (Vampire Summoner)              Turns: 7067, Time: 00:30:07

Health: -8/57      AC:  5    Str: 11    XL:     9   Next: 37%
Magic:  14/14      EV: 12    Int: 20    God:    Sif Muna [**....]
Gold:   286        SH:  5    Dex: 14    Spells: 4 memorised, 2 levels left

rFire  . . .     SeeInvis +     g - +5 dagger (drain)
rCold  + . .     Clarity  .     e - +1 leather armour {rC+}
rNeg   . . .     SustAb   .     p - +0 buckler
rPois  .         Gourm    .     (no helmet)
rElec  .         Spirit   .     i - +0 cloak
rCorr  .         Warding  .     (no gloves)
rMut   .         Stasis   .     (no boots)
MR     .....                    (no amulet)
Stlth  ++++......               k - +4 ring of strength
                                q - ring of wizardry

@: lethally poisoned (-8 -> -10), regenerating quickly, not resistant to hostile
enchantments, stealthy
A: bottle blood, fangs 3, see invisible, unbreathing
a: Channel Energy, Forget Spell, Renounce Religion


You were on level 9 of the Dungeon.
You worshipped Sif Muna.
Sif Muna was pleased with you.
You were very full.

You visited 2 branches of the dungeon, and saw 9 of its levels.

You collected 286 gold pieces.

Inventory:

Hand weapons
 g - a +5 dagger of draining (weapon)
 u - a +0 dagger of speed
Armour
 e - a +1 leather armour of cold resistance (worn)
 i - a +0 cloak (worn)
 p - a +0 buckler (worn)
Jewellery
 a - an uncursed ring of sustain abilities
 k - a +4 ring of strength (right hand)
 q - a ring of wizardry (left hand)
Magical devices
 x - a wand of lightning (4)
Scrolls
 c - 5 scrolls of remove curse
 h - 4 scrolls of identify
 m - a scroll of noise
 n - a scroll of recharging {unknown}
 o - 2 scrolls of enchant armour
 w - a scroll of summoning {unknown}
 y - a scroll of amnesia {unknown}
Potions
 d - a potion of cancellation
 f - a potion of magic {unknown}
 j - 17 potions of blood {@*1}
 l - a potion of lignification {unknown}
Books
 b - a book of Callings

   Spells                             Type                      Level
   a - Summon Small Mammal            Summoning                    1
   b - Call Imp                       Summoning                    2
   c - Call Canine Familiar           Summoning                    3
   d - Summon Guardian Golem          Hexes/Summoning              4
   e - Summon Lightning Spire         Summoning/Air                4
   f - Summon Ice Beast               Ice/Summoning                4


   Skills:
 + Level 7.4 Short Blades
 - Level 2.1 Dodging
 - Level 7.5 Stealth
 - Level 5.1 Shields
 - Level 2.0 Spellcasting
 + Level 7.9 Summonings
 * Level 4.0 Ice Magic


You had 2 spell levels left.
You knew the following spells:

 Your Spells              Type           Power        Failure   Level  Hunger
d - Call Canine Familiar  Summ           ####....     1%          3    ###....
i - Summon Ice Beast      Ice/Summ       ####....     9%          4    #####..
s - Call Imp              Summ           ####....     1%          2    ##.....
z - Summon Small Mammal   Summ           ####         1%          1    #......


Dungeon Overview and Level Annotations

Branches:
Dungeon (9/15)             Temple (1/1) D:4
   Lair: D:8-11         Orc: D:9-12

Altars:
Ashenzari
Cheibriados
Dithmenos
Elyvilon
Fedhas
Gozag
Kikubaaqudgha
Makhleb
Nemelex Xobeh
Okawaru
Qazlal
Sif Muna
Trog
Vehumet
Xom
Yredelemnul
Zin
The Shining One

Shops:
D:9 }


Innate Abilities, Weirdness & Mutations

Your natural rate of healing is unusually fast.
You can bottle blood from corpses.
You have razor-sharp teeth.
You have supernaturally acute eyesight.
You can survive without breathing.


Message History

Your crimson imp hits the worker ant but does no damage.
You block the worker ant's attack.
You barely miss the worker ant. The orc priest closely misses you.
Your crimson imp barely misses the worker ant.
You completely miss the worker ant. The worker ant bites you.
* * * LOW HITPOINT WARNING * * *
You hit the orc priest but do no damage.
The orc priest is moderately wounded.
The orc priest invokes the aid of Beogh against you.
Something smites you!
* * * LOW HITPOINT WARNING * * *
The worker ant bites you!
* * * LOW HITPOINT WARNING * * *
You are poisoned.
The worker ant poisons you!
Your crimson imp hits the worker ant but does no damage.
You feel sick.
The orc priest invokes the aid of Beogh against you.
Something smites you!
You die...

###* *.#,,,,,* #....
##.>###.#**,,,* #####
##.......* ***** #.......##
#........## ##.........#
#....)$o...# ###
#....5.a...# ##.###
***##......@..## #....###
*,............# #......##
***##........#####.......##
#...##.<...##.........#
####*#...#..#.........##
##...#...)........#
#...##............
#...##....%.......
#...##............


You could see a worker ant, an orc priest and a friendly crimson imp.

Vanquished Creatures
  A wyvern (D:9)
  2 ogres (D:9)
  An orc warrior (D:9)
  A phantom (D:3)
  2 ice beasts
  A centaur (D:9)
  A big kobold (D:9)
  A water moccasin zombie (D:9)
  2 scorpions
  6 orc priests
  3 hounds
  3 worker ants
  5 orc wizards
  Terence (D:3)
  10 adders
  2 worker ant zombies
  3 worms
  3 giant geckos
  An ooze (D:4)
  20 orcs
  12 bats
  A bat skeleton (D:5)
  3 giant cockroaches
  14 hobgoblins
  4 jackals
  2 quokkas
  A ball python skeleton (D:4)
  A giant gecko zombie (D:5)
  4 giant newts
  12 goblins
  14 kobolds
  11 rats
148 creatures vanquished.

Vanquished Creatures (collateral kills)
  Pikel (D:9)
  The ghost of Somebody the Fighter, an average NaWz (D:3)
  Menkaure (D:6)
  A sky beast (D:9)
  An ice beast (D:9)
  A phantom (D:6)
  An ogre (D:6)
  3 slaves (D:9)
  A centaur (D:5)
  A giant frog (D:9)
  2 crimson imps (D:5)
  2 jellies
  An orc priest (D:4)
  A worker ant (D:9)
  An adder (D:3)
  A worm (D:3)
  A giant gecko (D:3)
  2 orcs
  A hobgoblin (D:3)
  5 kobolds (D:9)
29 creatures vanquished.

Vanquished Creatures (others)
  A slave (D:9)
  3 crimson imps
  2 iron imps (D:9)
  A jelly (D:9)
  5 hounds
  A shadow imp (D:3)
  2 white imps (D:9)
  A quokka (D:2)
16 creatures vanquished.

Grand Total: 193 creatures vanquished

Notes
Turn   | Place    | Note
--------------------------------------------------------------
     0 | D:1      | PolkaDot, the Vampire Summoner, began the quest for the Orb.
     0 | D:1      | Reached XP level 1. HP: 13/13 MP: 3/3
   440 | D:1      | Reached XP level 2. HP: 13/19 MP: 4/4
  1198 | D:2      | Reached XP level 3. HP: 24/24 MP: 6/6
  1222 | D:2      | HP: 1/24 [poisoned by an adder]
  1309 | D:2      | Reached skill level 1 in Short Blades
  1431 | D:2      | Found a glowing golden altar of the Shining One.
  1830 | D:2      | Found a shimmering altar of Xom.
  2248 | D:2      | Reached XP level 4. HP: 28/30 MP: 7/7
  2267 | D:2      | Found an iron altar of Okawaru.
  2447 | D:3      | Noticed a phantom
  2447 | D:3      | Noticed Somebody's ghost (average NaWz)
  2634 | D:4      | Reached skill level 5 in Stealth
  2774 | D:4      | Reached skill level 5 in Summonings
  2774 | D:4      | Reached XP level 5. HP: 35/35 MP: 9/9
  2945 | D:4      | Learned a level 2 spell: Call Imp
  2949 | D:4      | Learned a level 3 spell: Call Canine Familiar
  3034 | D:4      | Found a stormy altar of Qazlal.
  3278 | D:4      | Found a staircase to the Ecumenical Temple.
  3289 | Temple   | Entered the Ecumenical Temple
  3549 | Temple   | Became a worshipper of Sif Muna the Loreminder
  3910 | D:3      | Killed Somebody's ghost
  3910 | D:3      | Reached skill level 1 in Shields
  3910 | D:3      | Reached XP level 6. HP: 22/41 MP: 0/10
  3994 | D:3      | Noticed Terence
  4025 | D:3      | Killed Terence
  4445 | D:3      | Killed a phantom
  4599 | D:5      | Entered Level 5 of the Dungeon
  4631 | D:5      | Reached XP level 7. HP: 38/46 MP: 8/12
  4646 | D:5      | Found a snail-covered altar of Cheibriados.
  4764 | D:5      | Found a basalt altar of Yredelemnul.
  4817 | D:5      | Reached skill level 6 in Summonings
  5042 | D:5      | Reached skill level 5 in Short Blades
  5286 | D:6      | Reached XP level 8. HP: 35/52 MP: 10/13
  5612 | D:6      | Found a sparkling altar of Nemelex Xobeh.
  5938 | D:6      | Noticed Menkaure
  5953 | D:6      | Killed Menkaure
  5953 | D:6      | Reached skill level 5 in Shields
  6147 | D:7      | You fall through a shaft for 2 floors!
  6147 | D:9      | Found Braito's Gadget Shop.
  6147 | D:9      | Noticed Pikel
  6285 | D:9      | Killed Pikel
  6285 | D:9      | Acquired Sif Muna's first power
  6285 | D:9      | Reached skill level 7 in Stealth
  6580 | D:9      | Learned a level 4 spell: Summon Ice Beast
  6632 | D:9      | Reached skill level 1 in Ice Magic
  6658 | D:9      | Reached XP level 9. HP: 35/57 MP: 14/14
  6973 | D:9      | Acquired Sif Muna's second power
  7067 | D:9      | Killed from afar by an orc priest

Action                   |  1- 3 |  4- 6 |  7- 9 || total
-------------------------+-------+-------+-------++-------
Melee: Hand axe          |    27 |       |       ||    27
       Unarmed           |    10 |       |       ||    10
       Dagger            |    88 |   168 |   286 ||   542
 Cast: Summon Small Mamm |    13 |     8 |       ||    21
       Call Imp          |       |    12 |    16 ||    28
       Call Canine Famil |       |     7 |    10 ||    17
  Use: Potion            |    10 |    19 |    18 ||    47
       Scroll            |     1 |     6 |     7 ||    14
 Stab: Sleeping          |    11 |     8 |     9 ||    28
       Distracted        |       |     1 |     1 ||     2
  Eat: Corpse            |     9 |       |       ||     9
